 Dungeon Crawl Stone Soup version 0.29-a0-483-g69413ace17 (webtiles) character file.

Game seed: 12841923955934574964

693 oldark the Conjurer (level 7, -5/50 HPs)
             Began as a Purple Draconian Conjurer on May 25, 2022.
             Killed from afar by an electric eel (10 damage)
             ... with a bolt of electricity
             ... on level 5 of the Dungeon.
             The game lasted 00:18:02 (5931 turns).

oldark the Conjurer (Purple Draconian Conjurer)     Turns: 5931, Time: 00:18:02

Health: -5/50      AC:  8    Str:  9    XL:     7   Next: 37%
Magic:  14/14      EV: 12    Int: 20    God:
Gold:   261        SH:  0    Dex: 10    Spells: 3/16 levels left

rFire   . . .      SeeInvis .   p - +8 war axe "Cutam" {flame, +Blink}
rCold   + . .      Faith    .   (no shield)
rNeg    . . .      Spirit   .   (body armour unavailable)
rPois   .          Reflect  .   (helmet restricted)
rElec   .          Harm     .   (no cloak)
rCorr   .          Rampage  .   (no gloves)
Will    +....                   f - +1 pair of boots
Stlth   ++........              s - amulet of magic regeneration
HPRegen 0.16/turn               (no ring)
MPRegen 0.54/turn               (no ring)

@: no status effects
A: breathe power, AC +6, unfitting armour, cold-blooded, horns 1, cold
resistance 1
a: Breathe Dispelling Energy, Evoke Blink


You were on level 5 of the Dungeon.
You visited 1 branch of the dungeon, and saw 5 of its levels.

You collected 274 gold pieces.
You spent 13 gold pieces at shops.

Inventory:

Hand Weapons
 p - the +8 war axe "Cutam" (weapon) {flame, +Blink}
   (You found it on level 5 of the Dungeon)

   It burns those it strikes, dealing additional fire damage.
   Big, fiery blades are also staple armaments of hydra-hunters.
   +Blink:    It lets you blink.
Armour
 f - a +1 pair of boots (worn)
Jewellery
 g - a ring of flight
 s - an amulet of magic regeneration (around neck)
Wands
 i - a wand of flame (8)
Scrolls
 e - 2 scrolls of amnesia
 l - 2 scrolls of fear
 m - a scroll of enchant weapon {unknown}
 o - a scroll of magic mapping
Potions
 a - a potion of magic
 b - 2 potions of lignification
 c - 5 potions of heal wounds {unknown}
 d - a potion of curing
 h - 2 potions of flight
 j - 2 potions of attraction
 k - a potion of brilliance {unknown}
 n - a potion of might


   Skills:
 - Level 1.7 Dodging
 - Level 1.7 Stealth
 + Level 5.1 Spellcasting
 * Level 7.3 Conjurations
 + Level 1.1 Hexes
 + Level 2.7 Translocations


You had 3 spell levels left.
You knew the following spells:

 Your Spells              Type           Power      Damage    Failure   Level
a - Magic Dart            Conj           100%       1d8       1%          1
b - Searing Ray           Conj           68%        2d6       1%          2
c - Iskenderun's Mystic   Conj/Tloc      25%        2d7       14%         4
d - Blink                 Tloc           32%        N/A       5%          2
e - Fulminant Prism       Conj/Hex       11%        3d9       21%         4

Your spell library contained the following spells:

 Spells                   Type           Power      Damage    Failure   Level
 Dazzling Flash           Conj/Hex       44%        N/A       6%          3
 Lesser Beckoning         Tloc           16%        N/A       11%         3
 Sublimation of Blood     Necr           5%         N/A       17%         2
 Wereblood                Tmut           5%         N/A       17%         2
 Manifold Assault         Tloc           16%        N/A       71%         5
 Summon Hydra             Summ           2%         N/A       100%        7


Dungeon Overview and Level Annotations

Branches:
Dungeon (5/15)
 Temple: D:4-7

Altars:
Wu Jian

Shops:
D:2 *

Annotations:
D:5 1 transporter


Innate Abilities, Weirdness & Mutations

You can breathe bolts of dispelling energy.
Your rich purple scales are hard. (AC +6)
You cannot fit into any form of body armour.
You are cold-blooded and may be slowed by cold attacks.
You have a pair of small horns on your head.
Your flesh is cold resistant. (rC+)


Message History

The blast of energy engulfs the electric eel!
The electric eel is severely wounded.
The blast of energy engulfs the electric eel!
The electric eel is heavily wounded.
You start resting.
Your magical contamination has completely faded away.
You start resting.
Magic restored.
You open the door.
The electric eel shoots out a bolt of lightning at you!
The bolt of electricity hits you.
The electric eel shoots out a bolt of lightning at you!
The bolt of electricity misses the electric eel.
The bolt of electricity hits you!
The electric eel shoots out a bolt of lightning at you!
The bolt of electricity misses you.
Casting: Fulminant Prism (quite dangerous; 21% risk of failure)
Confirm with . or Enter, or press ? or * to list all spells.
You don't know that spell.
Casting: Fulminant Prism (quite dangerous; 21% risk of failure)
Confirm with . or Enter, or press ? or * to list all spells.
You don't know that spell.
The electric eel shoots out a bolt of lightning at you!
The bolt of electricity hits you!
* * * LOW HITPOINT WARNING * * *
The bolt of electricity hits you!
* * * LOW HITPOINT WARNING * * *
The bolt of electricity hits the plant!
The plant begins to die.
There is an open door here.
Okay, then.
You feel better.
The electric eel shoots out a bolt of lightning at you!
The bolt of electricity hits you.
* * * LOW HITPOINT WARNING * * *
The electric eel shoots out a bolt of lightning at you!
The bolt of electricity hits you!
* * * LOW HITPOINT WARNING * * *
The bolt of electricity misses you.
The bolt of electricity hits the plant!
The electric eel shoots out a bolt of lightning at you!
The bolt of electricity hits you!
You die...

.##.#........###+###........[....
.##.#......#.#≈≈≈≈≈#.............
.##.#......#.#≈≈≈≈≈#...###...####
.##.#......#.#≈≈≈≈≈#...###...###
....######.#.#≈≈⌠≈≈#..##.......#
.#########.#.#≈≈SS≈#..##.#...#.#
.#......##...#≈...≈#.###.#...#.#
.#.####.####.#S...S#........##.#
.....##.##...###@###.###.#####.#
##....#.##.#.#P...P#...........#
#.........#.#8.©.8#.##.....<..#
#......####.#######.##..####.###
######## #....©........#.......
####...#.##...#.##.###
##...............##
#..#............##
#............##.##


You could see 4 electric eels.

Vanquished Creatures
  Pargi (D:3)
  A centaur (D:5)
  A howler monkey (D:4)
  2 jellies
  2 hounds (D:5)
  4 iguanas
  8 adders
  10 gnolls (D:2)
  3 ufetubi
  A worm (D:2)
  3 dart slugs
  2 orcs
  3 endoplasms
  3 giant cockroaches
  6 goblins
  2 hobgoblins (D:2)
  5 quokkas
  5 ball pythons
  5 bats
  7 frilled lizards
  9 kobolds
  5 rats
88 creatures vanquished.

Vanquished Creatures (others)
  2 fulminant prisms (D:5)
  A plant (D:4)
3 creatures vanquished.

Grand Total: 91 creatures vanquished

Notes
Turn   | Place    | Note
-------+----------+-------------------------------------------
     0 | D:1      | oldark the Draconian Conjurer began the quest for the Orb.
     0 | D:1      | Reached XP level 1. HP: 14/14 MP: 3/3
   530 | D:1      | Reached XP level 2. HP: 17/20 MP: 0/5
   962 | D:1      | Learned a level 2 spell: Searing Ray
  1221 | D:1      | Found a faded altar of an unknown god.
  1357 | D:2      | Reached XP level 3. HP: 26/26 MP: 3/6
  1537 | D:2      | Found Lohusese's General Store.
  1542 | D:2      | Bought a potion of degeneration for 13 gold pieces
  1648 | D:2      | Reached skill level 5 in Conjurations
  1715 | D:2      | Reached XP level 4. HP: 33/33 MP: 4/8
  2526 | D:2      | Reached XP level 5. HP: 27/38 MP: 4/9
  3180 | D:3      | Learned a level 4 spell: Iskenderun's Mystic Blast
  3200 | D:3      | Noticed Pargi
  3210 | D:3      | Killed Pargi
  3211 | D:3      | Reached skill level 6 in Conjurations
  3211 | D:3      | Reached skill level 1 in Translocations
  3361 | D:3      | Reached XP level 6. HP: 45/45 MP: 5/11
  3972 | D:4      | Gained mutation: Your flesh is cold resistant. (rC+)
                  | [potion of mutation]
  3972 | D:4      | Gained mutation: You have a pair of small horns on your
                  | head. [potion of mutation]
  4090 | D:4      | Found an ornate altar of the Wu Jian Council.
  5112 | D:5      | Entered Level 5 of the Dungeon
  5150 | D:5      | Found a transporter.
  5169 | D:5      | Found a transporter.
  5260 | D:5      | Reached skill level 7 in Conjurations
  5260 | D:5      | Your scales start taking on a rich purple colour.
  5260 | D:5      | Reached XP level 7. HP: 50/50 MP: 11/14
  5270 | D:5      | Learned a level 2 spell: Blink
  5275 | D:5      | Learned a level 4 spell: Fulminant Prism
  5393 | D:5      | Reached skill level 5 in Spellcasting
  5491 | D:5      | Reached skill level 1 in Hexes
  5588 | D:5      | Identified the +8 war axe "Cutam" {flame, +Blink}
  5931 | D:5      | Killed from afar by an electric eel

Illustrated notes

Levels and vault maps discovered:
D:1:      zelgadis_glass_arrival_small, layout_basic,
          dreamdust_ecumenical_altar_hidden_monk_grotto, minmay_3d_cube
D:2:      layout_basic, serial_shops, shop_fountains, minmay_box_of_dots
D:3:      layout_basic, uniq_pargi
D:4:      layout_layer_cave, mainiacjoe_overflow_paths, serial_bayou_pond_e,
          hangedman_abyss_or_decor_lesser_grid
D:5:      gammafunk_steamed_eel, layout_loops_cross

Skill      XL: |  1  2  3  4  5  6  7 |
---------------+----------------------+-----
Conjurations   | 5 6 7 |  7.3
Spellcasting   | 3 4 5 |  5.1
Translocations | 1 2 |  2.7
Hexes          | 1 |  1.1
Dodging        | |  1.7
Stealth        | |  1.7

Action                   |  1- 3 |  4- 6 |  7- 9 || total
-------------------------+-------+-------+-------++-------
Melee: Unarmed           |    26 |       |       ||    26
       Club              |     9 |       |       ||     9
       Tailslap          |     4 |     5 |       ||     9
       Flail             |       |    12 |       ||    12
       War axe           |       |       |     1 ||     1
 Cast: Magic Dart        |    57 |    73 |     9 ||   139
       Searing Ray       |     2 |    15 |     3 ||    20
       Fulminant Prism   |       |       |     2 ||     2
  Use: Scroll            |     1 |     8 |       ||     9
       Potion            |       |     7 |     1 ||     8
Armor: Skin              |    14 |     7 |     3 ||    24
Dodge: Dodged            |    35 |    28 |     6 ||    69

Table legend: (Time is in decaauts)
 A = Elapsed time spent in this place.
 B = Non-inter-level travel time spent in this place.
 C = Inter-level travel time spent in this place.
 D = Time resting spent in this place.
 E = Time spent auto-exploring this place.
 F = Levels seen in this place.
 G = Mean time per level.
                   A        B        C        D        E       F      G
               +--------+--------+--------+--------+--------+-----+--------+
         Total |   5933 |   5722 |    211 |   1256 |   3730 |   5 | 1186.6 |
       Dungeon |   5933 |   5722 |    211 |   1256 |   3730 |   5 | 1186.6 |
               +--------+--------+--------+--------+--------+-----+--------+

Top non-repeatable levels by time:
     D:2: 1669 daAuts
     D:1: 1405 daAuts
     D:4: 1168 daAuts
     D:3: 884 daAuts
     D:5: 805 daAuts
